 Dungeon Crawl Stone Soup version 0.30-a0-618-gd6c86c23d0 (webtiles) character file.

Game seed: 3354057160203557374

254 wormed the Sneak (level 6, -1/37 HPs)
             Began as a Kobold Brigand on Jan 9, 2023.
             Killed by divine providence
             ... invoked by an orc priest
              (9 damage)
             ... on level 4 of the Dungeon.
             The game lasted 00:04:43 (3055 turns).

wormed the Sneak (Kobold Brigand)                   Turns: 3055, Time: 00:04:43

Health: -1/37      AC:  3    Str:  8    XL:     6   Next: 38%
Magic:  6/6        EV: 17    Int: 12    God:
Gold:   211        SH:  0    Dex: 25    Spells: 5/5 levels left

rFire   . . .      SeeInvis .    a - +2 dagger
rCold   . . .      Faith    .    (no shield)
rNeg    . . .      Spirit   .    b - +0 robe
rPois   .          Reflect  .    (no helmet)
rElec   .          Harm     .    c - +0 cloak
rCorr   .          Rampage  .    (no gloves)
Will    .....                    (no boots)
Stlth   +++                      (no amulet)
HPRegen 0.26/turn                o - +6 ring of dexterity
MPRegen 0.10/turn                (no ring)

@: confused
A: small, no large weapons, nightstalker 3
a: no special abilities


You were on level 4 of the Dungeon.
You visited 1 branch of the dungeon, and saw 4 of its levels.

You collected 211 gold pieces.

Inventory:

Hand Weapons
 a - a +2 dagger (weapon)
Missiles
 d - 12 poisoned darts (quivered)
 e - 2 curare-tipped darts
Armour
 b - a +0 robe (worn)
 c - a +0 cloak (worn)
 v - a +0 helmet
Jewellery
 k - an amulet of magic regeneration
 o - a +6 ring of dexterity (left hand)
Wands
 g - a wand of flame (13)
Scrolls
 f - a scroll of teleportation
 m - a scroll of identify
 q - a scroll of enchant armour {unknown}
 s - a scroll of enchant weapon {unknown}
 t - a scroll of silence {unknown}
 u - a scroll of poison {unknown}
Potions
 h - 2 potions of cancellation
 i - a potion of heal wounds
 j - 2 potions of resistance {unknown}
 l - 2 potions of mutation {unknown}
 p - a potion of haste {unknown}


   Skills:
 + Level 3.5 Fighting
 * Level 5.7 Short Blades
 - Level 2.1 Throwing
 + Level 3.3 Dodging
 + Level 6.4 Stealth


You had 5 spell levels left.
You didn't know any spells.
Your spell library was empty.

Dungeon Overview and Level Annotations

Branches:
Dungeon (4/15)
 Temple: D:4-7

Altars:
Ashenzari
Cheibriados
Fedhas
Gozag
Ru
Trog
Xom

Shops:
D:3 ?[[


Innate Abilities, Weirdness & Mutations

You are small and have problems with some larger weapons.
You are completely attuned to the shadows.


Message History

The orc priest is heavily wounded.
Throw: 2 throwing nets
Press: ? - help, Q - select action, (/) - cycle Shift-Dir - straight line, f/p - orc priest
Aim: an orc priest, wielding a +0 short sword and wearing a +0 scale mail (heavily wounded, very poisoned, slow, 69% to hit)
You throw a throwing net. The throwing net hits the orc priest.
The orc priest is caught in the net!
The orc priest is heavily wounded.
The orc priest struggles against the net.
The orc priest struggles against the net.
There is an open door here.
The orc wizard shouts!
You hit the orc priest but do no damage.
The orc priest is heavily wounded.
The orc priest struggles against the net.
You hit the orc priest but do no damage.
The orc priest is heavily wounded.
The orc priest struggles against the net.
You catch the helpless orc priest completely off-guard!
You impale the orc priest!!
You kill the orc priest!
You hit the orc wizard but do no damage.
The orc wizard points at you and mumbles some strange words.
You are confused.
Non-targeted confused throw: throwing net
Press: ? - help, Q - select action, (/) - cycle Dir - look around, f - activate Look: an orc wizard, wielding a +0 dagger and wearing a +0 robe You throw a throwing net.
The orc wizard attacks as you move away!
The orc wizard hits you with a +0 dagger.
* * * LOW HITPOINT WARNING * * *
The orc wizard points at you and mumbles some strange words.
You are more confused.
You're too confused to move!
You bump into the rock wall.
The orc wizard barely misses you.
You hit the orc wizard.
The orc wizard is moderately wounded.
You bump into the rock wall.
The orc priest calls down the wrath of Beogh upon you.
Beogh smites you!
You die...

.....§.oS...
####.###.... #####.#
.... #.....# ....
###### #..o..# ###.
......# #.....#
......# #.....#
......###.....####
.....@'o...†.....###
....$o#######.##...#
......# #.####.#
......# #.####.###
...(..# #.........
).....# #####.##
#..+ #### #


You could see an orc priest and an orc wizard.

Vanquished Creatures
  An orc priest (D:4)
  A hound (D:4)
  A jelly (D:3)
  Robin (D:2)
  A gnoll (D:1)
  3 adders
  A worm (D:2)
  A dart slug (D:3)
  10 ball pythons
  3 bats (D:1)
  14 endoplasms
  11 giant cockroaches
  14 goblins
  13 hobgoblins
  2 jackals (D:3)
  5 kobolds
  6 quokkas
  8 frilled lizards
  6 rats
102 creatures vanquished.

Vanquished Creatures (others)
  2 plants (D:3)
2 creatures vanquished.

Grand Total: 104 creatures vanquished

Notes
Turn   | Place    | Note
-------+----------+-------------------------------------------
     0 | D:1      | wormed the Kobold Brigand began the quest for the Orb.
     0 | D:1      | Reached XP level 1. HP: 12/12 MP: 1/1
    94 | D:1      | Reached XP level 2. HP: 18/18 MP: 2/2
   303 | D:1      | Reached XP level 3. HP: 8/22 MP: 3/3
   407 | D:1      | Found a faded altar of an unknown god.
   874 | D:1      | Reached XP level 4. HP: 27/27 MP: 4/4
  1054 | D:3      | Found a blossoming altar of Fedhas.
  1076 | D:3      | Found Peariqima's Magic Scroll Emporium.
  1084 | D:3      | Reached skill level 6 in Stealth
  1154 | D:2      | Reached XP level 5. HP: 32/32 MP: 5/5
  1298 | D:2      | Noticed Robin
  1337 | D:2      | Killed Robin
  1993 | D:3      | Found a sacrificial altar of Ru.
  2026 | D:3      | Reached skill level 5 in Short Blades
  2156 | D:3      | Found an opulent altar of Gozag.
  2156 | D:3      | Found a shimmering altar of Xom.
  2224 | D:3      | Found a snail-covered altar of Cheibriados.
  2452 | D:3      | Found Soqa Ele's Armour Shoppe.
  2494 | D:3      | Found Qomok's Armour Shoppe.
  2577 | D:3      | Found a bloodstained altar of Trog.
  2669 | D:3      | Found a broken altar of Ashenzari.
  2905 | D:4      | Reached XP level 6. HP: 33/37 MP: 6/6
  3055 | D:4      | Killed from afar by an orc priest

Illustrated notes

Levels and vault maps discovered:
D:1:      spicycebolla_green_bress_n_ham, layout_basic,
          ebering_ecumenical_altar_sacrificial, chequers_avenue, st_stairs_8,
          minmay_misc_feat_ornament
D:2:      layout_basic, minmay_worlds_worst_comb, uniq_robin
D:3:      layout_rooms, jmf_multi_god_temple, mainiacjoe_overflow_tiny_flanked,
          lemuel_tele_altar, mainiacjoe_overflow_catch_the_wave,
          mainiacjoe_overflow_chevrons, trog_book, serial_shops, shop,
          nicolae_shop_behind_doors, nicolae_lakefront_shop, minmay_guardbox
D:4:      layout_basic, elyvilon_altar_3

Skill      XL: |  1  2  3  4  5 |
---------------+----------------+-----
Short Blades   | 3 4 5 |  5.7
Dodging        | 2 3 |  3.3
Fighting       | 3 |  3.5
Stealth        | 6 |  6.4
Throwing       | |  2.1

Action                   |  1- 3 |  4- 6 || total
-------------------------+-------+-------++-------
Melee: Dagger            |    65 |   159 ||   224
Throw: Dart              |     2 |     3 ||     5
       Throwing net      |       |     2 ||     2
  Use: Scroll            |       |     6 ||     6
 Stab: Sleeping          |    15 |    20 ||    35
       Distracted        |       |     1 ||     1
       Held in net/web   |       |     1 ||     1
Armor: Robe              |     8 |    17 ||    25
Dodge: Dodged            |    35 |   103 ||   138

Table legend: (Time is in decaauts)
 A = Elapsed time spent in this place.
 B = Non-inter-level travel time spent in this place.
 C = Inter-level travel time spent in this place.
 D = Time resting spent in this place.
 E = Time spent auto-exploring this place.
 F = Levels seen in this place.
 G = Mean time per level.
                   A        B        C        D        E       F      G
               +--------+--------+--------+--------+--------+-----+--------+
         Total |   3003 |   2956 |     47 |      0 |   2400 |   4 |  750.8 |
       Dungeon |   3003 |   2956 |     47 |      0 |   2400 |   4 |  750.8 |
               +--------+--------+--------+--------+--------+-----+--------+

Top non-repeatable levels by time:
     D:2: 962 daAuts
     D:1: 949 daAuts
     D:3: 888 daAuts
     D:4: 203 daAuts
